 Dungeon Crawl Stone Soup version 0.27-a0-883-g39567a0c06 (webtiles) character file.

Game seed: 3664070753003335070

4721 EnegeticOcto the Basher (level 10, 0/64 HPs)
             Began as a Tengu Fighter on Apr 3, 2021.
             Was a Follower of Wu Jian.
             Slain by a vampire (5 damage)
             ... on level 9 of the Dungeon.
             The game lasted 00:12:07 (10113 turns).

EnegeticOcto the Basher (Tengu Fighter)            Turns: 10113, Time: 00:12:07

Health: 0/64       AC: 14    Str: 19    XL:     10   Next: 45%
Magic:  11/11      EV:  6    Int:  9    God:    Wu Jian [*.....]
Gold:   546        SH: 11    Dex: 18    Spells: 9/9 levels left

rFire    . . .     SeeInvis .   b - +9 hand axe of the Lesser Evil {speed, +Blink Dex+4 Stlth+}
rCold    . . .     Faith    .   c - +0 kite shield
rNeg     . . .     Spirit   .   H - +0 plate armour
rPois    .         Reflect  .   (helmet restricted)
rElec    .         Harm     .   G - scarf {repulsion}
rCorr    .         Rampage  .   f - +2 pair of gloves
Will     .....                  (boots unavailable)
Stlth    ..........             (no amulet)
HPRegen  0.20/turn              (no ring)
MPRegen  0.12/turn              (no ring)

@: attractive, flying quickly and evasively, repel missiles, quick
A: beak, talons 3, nimble flight
a: Renounce Religion, Evoke Blink


You were on level 9 of the Dungeon.
You worshipped Wu Jian.
Wu Jian was aware of your devotion.
You visited 2 branches of the dungeon, and saw 10 of its levels.

You collected 546 gold pieces.

Inventory:

Hand Weapons
 a - a +5 flail of freezing
   (You took it off a wight on level 6 of the Dungeon)
 b - the +9 hand axe of the Lesser Evil (weapon) {speed, +Blink Dex+4 Stlth+}
   (You found it on level 5 of the Dungeon)

   Attacks with this weapon are significantly faster.
   It affects your dexterity (+4).
   It lets you blink.
   It makes you more stealthy.
 g - a +2 vorpal hand axe
   (You took it off an orc on level 3 of the Dungeon)
 v - a +1 whip of venom
   (You took it off an orc priest on level 3 of the Dungeon)
 y - a +4 halberd of freezing
   (You took it off a wight on level 6 of the Dungeon)
Missiles
 l - 99 poisoned darts (quivered)
Armour
 c - a +0 kite shield (worn)
 f - a +2 pair of gloves (worn)
   (You found it on level 1 of the Dungeon)
 j - a +0 tower shield
   (You found it on level 1 of the Dungeon)
 C - a +3 leather armour of willpower
   (You took it off Joseph on level 7 of the Dungeon)
 G - a scarf of repulsion (worn)
   (You found it on level 8 of the Dungeon)
 H - a +0 plate armour (worn)
   (You took it off an orc warrior on level 8 of the Dungeon)
Wands
 o - a wand of polymorph (6)
   (You took it off Jessica on level 2 of the Dungeon)
 E - a wand of paralysis (10)
   (You found it on level 8 of the Dungeon)
Scrolls
 e - a scroll of fog {!r}
 h - a scroll of fear {unknown}
 i - 2 scrolls of enchant weapon
 n - a scroll of enchant armour
 p - a scroll of vulnerability {unknown}
 s - a scroll of immolation
 t - a scroll of silence
 u - 5 scrolls of teleportation {@r3 !r}
 w - a scroll of torment
 x - a scroll of blinking {unknown}
 A - 4 scrolls of amnesia {unknown}
 F - a scroll of brand weapon {unknown}
Potions
 d - 2 potions of might {@q3 !q}
 q - a potion of ambrosia {unknown}
 r - a potion of magic


   Skills:
 - Level 8.0 Fighting
 + Level 11.4 Maces & Flails
 - Level 4.0 Armour
 - Level 4.0 Dodging
 - Level 6.0 Shields
 - Level 4.0 Evocations


You had 9 spell levels left.
You didn't know any spells.
Your spell library contained the following spells:

 Spells                   Type           Power      Damage    Failure   Level
 Confusing Touch          Hex            0%         N/A       100%        3
 Gell's Gravitas          Tloc           0%         N/A       100%        3
 Petrify                  Tmut/Erth      0%         N/A       100%        4
 Metabolic Englaciation   Hex/Ice        0%         N/A       100%        5
 Yara's Violent Unravell  Hex/Tmut       0%         3d3       100%        5


Dungeon Overview and Level Annotations

Branches:
Dungeon (9/15)             Temple (1/1) D:7
   Lair: D:8-11         Orc: D:9-12

Altars:
Ashenzari
Fedhas
Gozag
Okawaru
Sif Muna
Trog
Wu Jian
The Shining One


Innate Abilities, Weirdness & Mutations

You have a beak for a mouth.
You have claws for feet.
Your magical nature lets you fly swiftly and evasively.


Message History

You feel less confused. You block the kobold's attack.
You closely miss the orc warrior.
You claw the orc warrior, but do no damage.
Your peck misses the orc warrior. You closely miss the kobold.
You miss something. You block the orc warrior's attack.
Something hits you but does no damage. Something bites you but does no damage.
You hit something. You claw something. You peck something.
You hit the orc warrior. You hit the kobold.
You kill the kobold!
The Council accepts your kill.
You hit the orc warrior. You claw the orc warrior.
The orc warrior is heavily wounded.
You hit something but do no damage. You hit something.
You closely miss the kobold brigand. You hit the centaur zombie.
The centaur zombie closely misses you.
The centaur zombie kicks you but does no damage.
You hear some strange, mumbled words.
Something tries to affect you, but you resist.
You block the kobold brigand's attack.
You hit the orc warrior.
You claw the orc warrior, but do no damage.
The orc warrior is heavily wounded.
You hit the centaur zombie. You closely miss the kobold brigand.
You closely miss something. You hit something but do no damage.
You block the centaur zombie's attack. The centaur zombie barely misses you.
The orc warrior hits you with a +0 battleaxe.
Something hits you but does no damage. Something hits you! Something bites you.
Something draws strength from your injuries!
The kobold brigand hits you but does no damage.
You hit the orc warrior.
The orc warrior is severely wounded.
You hit something. You slash something! You closely miss the kobold brigand.
You hit the centaur zombie. You block the centaur zombie's attack.
The centaur zombie kicks you but does no damage.
The orc warrior hits you but does no damage.
You block something's attack. Something hits you. Something bites you.
Something draws strength from your injuries!
You hit the orc warrior. Your kick misses the orc warrior.
The orc warrior is severely wounded.
You hit the centaur zombie. You slash the kobold brigand!
You closely miss something. You hit something.
The centaur zombie hits you but does no damage.
The centaur zombie kicks you but does no damage.
The kobold brigand hits you with a +0 short sword.
The orc warrior hits you with a +0 battleaxe!
Something hits you. Something hits you but does no damage. Something bites you!
* * * LOW HITPOINT WARNING * * *
Something draws strength from your injuries!
You spin and attack the centaur zombie.
You slash the centaur zombie!
The centaur zombie is heavily damaged.
You block the centaur zombie's attack.
The centaur zombie kicks you but does no damage.
You spin and attack the kobold brigand repeatedly.
You hit the kobold brigand.
The kobold brigand is moderately wounded.
You slash the kobold brigand!
The kobold brigand is heavily wounded.
You spin and attack the centaur zombie.
You hit the centaur zombie. You claw the centaur zombie!
The centaur zombie is severely damaged.
The centaur zombie hits you but does no damage.
You block the centaur zombie's attack. You block the kobold brigand's attack.
The centaur zombie hits you but does no damage.
The centaur zombie kicks you.
* * * LOW HITPOINT WARNING * * *
You spin and attack the kobold brigand.
You hit the kobold brigand. Your kick misses the kobold brigand.
Your peck misses the kobold brigand.
The kobold brigand is severely wounded.
The kobold brigand barely misses you.
You hear some strange, mumbled words.
A puff of flame appears from out of thin air!
The puff of flame hits you.
* * * LOW HITPOINT WARNING * * *
It was a potion of haste.
You feel yourself speed up.
The kobold brigand hits you with a +0 short sword.
* * * LOW HITPOINT WARNING * * *
Something hits you.
* * * LOW HITPOINT WARNING * * *
Something bites you.
* * * LOW HITPOINT WARNING * * *
Something draws strength from your injuries!
You block something's attack.
Okay, then.
It was a potion of attraction.
You feel attractive to monsters.
The kobold brigand throws a poisoned dart.
The poisoned dart is repelled.
You don't know any spells.
Unknown command.
Something is pulled toward you! x2
The kobold brigand is pulled toward you!
The orc warrior is pulled toward you!
The centaur zombie is pulled toward you!
It was a potion of cancellation.
Your magical effects are unravelling.
You feel magically purged.
You feel yourself slow down. Something hits you but does no damage.
Something hits you.
You die...

.###########..# ...
..............########...
....(...................#
........................#
..(########...).........#
...# #.............# ...#
#....oZ)).....# ...#
#...K...).....# ...#
#....$@.......# ....
................# ....
(.................
...................
###################


You could see an orc warrior, a kobold brigand and a centaur zombie.

Vanquished Creatures
  A boulder beetle (D:6)
  Joseph (D:7)
  6 yaks (D:8)
  2 water moccasins
  A hornet zombie (D:7)
  An orc warrior (D:8)
  An ice beast (D:6)
  A sky beast (D:8)
  A black bear (D:7)
  3 necrophages
  A wolf (D:2)
  A phantom (D:4)
  2 kobold brigands (D:7)
  2 bullfrogs (D:8)
  A scorpion (D:7)
  A wyvern zombie (D:8)
  5 wights (D:6)
  An electric eel (D:8)
  2 howler monkeys (D:8)
  A centaur skeleton (D:5)
  A centaur zombie (D:6)
  2 hounds
  A jelly (D:6)
  2 bullfrog zombies
  6 orc priests
  2 gnoll shamans
  Jessica (D:2)
  2 iguanas (D:5)
  4 orc wizards
  A hound zombie (D:5)
  A mummy (D:6)
  2 howler monkey zombies
  10 gnolls
  11 adders
  A shadow imp (D:7)
  A white imp (D:7)
  2 worms
  2 dart slugs
  30 orcs
  5 ball pythons
  4 endoplasms
  A giant cockroach (D:2)
  6 goblins
  13 hobgoblins
  6 jackals
  6 quokkas
  A bat (D:2)
  A frilled lizard (D:2)
  17 kobolds
  A kobold zombie (D:6)
  3 orc zombies (D:6)
  4 rats
185 creatures vanquished.

Vanquished Creatures (others)
  A plant (D:8)
1 creature vanquished.

Grand Total: 186 creatures vanquished

Notes
Turn   | Place    | Note
-------+----------+-------------------------------------------
     0 | D:1      | EnegeticOcto the Tengu Fighter began the quest for the Orb.
     0 | D:1      | Reached XP level 1. HP: 14/14 MP: 2/2
   449 | D:1      | Reached skill level 3 in Maces & Flails
   449 | D:1      | Reached XP level 2. HP: 15/19 MP: 3/3
  1376 | D:2      | Reached XP level 3. HP: 21/23 MP: 4/4
  1507 | D:2      | Noticed Jessica
  1520 | D:2      | Reached skill level 4 in Maces & Flails
  1523 | D:2      | Killed Jessica
  1524 | D:2      | Reached XP level 4. HP: 28/28 MP: 5/5
  1959 | D:2      | Reached skill level 5 in Maces & Flails
  2318 | D:2      | Found an opulent altar of Gozag.
  2387 | D:2      | Found a faded altar of an unknown god.
  2625 | D:2      | Gained mutation: Your magical nature lets you fly swiftly
                  | and evasively. [Tengu growth]
  2625 | D:2      | Reached XP level 5. HP: 19/32 MP: 6/6
  3014 | D:3      | Noticed an orc warrior
  3049 | D:2      | Reached skill level 6 in Maces & Flails
  3326 | D:3      | Noticed a wolf
  3326 | D:3      | an orc warrior changed into a wolf
  3333 | D:2      | Killed a wolf
  3334 | D:2      | Reached XP level 6. HP: 20/37 MP: 7/7
  3644 | D:3      | Reached skill level 7 in Maces & Flails
  4682 | D:4      | Reached XP level 7. HP: 20/41 MP: 8/8
  5129 | D:5      | Entered Level 5 of the Dungeon
  5519 | D:5      | Identified the +9 hand axe of the Lesser Evil {speed,
                  | +Blink Dex+4 Stlth+}
  5602 | D:5      | Reached skill level 8 in Maces & Flails
  5728 | D:5      | Found a shimmering blue altar of Sif Muna.
  5957 | D:5      | Reached skill level 4 in Fighting
  5957 | D:5      | Reached skill level 4 in Shields
  6382 | D:6      | Reached XP level 8. HP: 45/48 MP: 9/9
  6446 | D:6      | Noticed a boulder beetle
  6474 | D:6      | Killed a boulder beetle
  6475 | D:6      | Reached skill level 7 in Fighting
  6475 | D:6      | Reached skill level 6 in Shields
  6680 | D:6      | Reached XP level 9. HP: 52/57 MP: 10/10
  6687 | D:6      | Reached skill level 8 in Fighting
  7179 | D:6      | Reached skill level 1 in Dodging
  7340 | D:7      | Reached skill level 1 in Evocations
  7514 | D:7      | Reached skill level 4 in Armour
  7514 | D:7      | Reached skill level 2 in Dodging
  7514 | D:7      | Reached skill level 2 in Evocations
  7851 | D:7      | Noticed Joseph
  7867 | D:7      | Killed Joseph
  7868 | D:7      | Reached skill level 3 in Dodging
  7868 | D:7      | Reached skill level 3 in Evocations
  8290 | D:7      | Found a staircase to the Ecumenical Temple.
  8299 | Temple   | Entered the Ecumenical Temple
  8346 | Temple   | Became a worshipper of the Wu Jian Council
  8674 | D:8      | Reached skill level 9 in Maces & Flails
  8674 | D:8      | Reached skill level 4 in Dodging
  8685 | D:8      | Found an iron altar of Okawaru.
  8800 | D:8      | Reached skill level 4 in Evocations
  8978 | D:8      | Reached XP level 10. HP: 64/64 MP: 11/11
  9119 | D:8      | Found a blossoming altar of Fedhas.
  9184 | D:8      | Reached skill level 10 in Maces & Flails
  9205 | D:8      | Reached * piety under Wu Jian
  9598 | D:8      | Reached skill level 11 in Maces & Flails
 10113 | D:9      | Slain by a vampire

Illustrated notes

Levels and vault maps discovered:
D:1:      doesnt_arrival_eight_statues, layout_basic,
          chequers_serial_rivers_room_b, due_unseen_surprise
D:2:      minmay_angry_zag, layout_basic, basic_ecumenical_altar, serial_rivers,
          chequers_serial_rivers_micro_e, chequers_serial_rivers_micro_a,
          chequers_serial_rivers_micro_a, chequers_serial_rivers_small_3,
          chequers_serial_rivers_micro_d, chequers_serial_rivers_room_a,
          basic_altar, amcnicky_mini_corridor_feature, uniq_jessica
D:3:      layout_rooms, dk_vineyard_2
D:4:      layout_rooms
D:5:      layout_basic, lemuel_round_altar
D:6:      layout_loops_cross, roderic_malta_cross, minmay_mini_ossuary
D:7:      layout_basic, minmay_temple_entry_poolview, uniq_joseph
D:8:      layout_gridville, okawaru_altar_gauntlet_db, amcnicky_altar_gilded,
          serial_bayou_pond_b, st_stairs_11, serial_bayou_pond_b
D:9:      layout_small_grid, serial_glass, glass_columns_b, glass_columns_b,
          uniq_harold, uniq_maurice
Temple:   dpeg_five_rooms_temple

Skill      XL: |  1  2  3  4  5  6  7  8  9 10 |
---------------+-------------------------------+-----
Maces & Flails | 3 4 5 6 7 8 9 11 | 11.4
Fighting       | 4 7 8 |  8.0
Shields        | 4 6 |  6.0
Dodging        | 4 |  4.0
Evocations     | 4 |  4.0
Armour         | 4 |  4.0

Action                   |  1- 3 |  4- 6 |  7- 9 | 10-12 || total
-------------------------+-------+-------+-------+-------++-------
Melee: Flail             |    57 |   133 |     1 |       ||   191
       Kick              |    15 |    38 |    71 |    33 ||   157
       Peck              |     7 |    21 |    35 |    19 ||    82
       Whip              |       |    34 |    30 |       ||    64
       Hand axe          |       |       |   139 |    91 ||   230
Throw: Dart              |       |     9 |    17 |       ||    26
Invok: Lunge             |       |       |     3 |     9 ||    12
       Whirlwind         |       |       |       |     4 ||     4
 Abil: Evoke Blink       |       |       |     2 |       ||     2
Evoke: Wand              |       |     1 |       |       ||     1
  Use: Scroll            |       |     4 |     7 |     1 ||    12
       Potion            |       |       |     1 |     3 ||     4
Armor: Scale mail        |     8 |       |       |       ||     8
       Chain mail        |    20 |    87 |    52 |    13 ||   172
       Plate armour      |       |       |       |    18 ||    18
Dodge: Dodged            |    16 |    33 |    33 |    19 ||   101
       Repelled          |       |       |       |     1 ||     1
Block: Kite shield       |    30 |    78 |    66 |    38 ||   212

Table legend: (Time is in decaauts)
 A = Elapsed time spent in this place.
 B = Non-inter-level travel time spent in this place.
 C = Inter-level travel time spent in this place.
 D = Time resting spent in this place.
 E = Time spent auto-exploring this place.
 F = Levels seen in this place.
 G = Mean time per level.
                   A        B        C        D        E       F      G
               +--------+--------+--------+--------+--------+-----+--------+
         Total |   9740 |   9227 |    513 |   1390 |   6585 |  10 |  974.0 |
       Dungeon |   9667 |   9183 |    484 |   1390 |   6549 |   9 | 1074.1 |
        Temple |     73 |     44 |     29 |      0 |     36 |   1 |   73.0 |
               +--------+--------+--------+--------+--------+-----+--------+

Top non-repeatable levels by time:
     D:2: 2033 daAuts
     D:8: 1339 daAuts
     D:1: 1333 daAuts
     D:7: 1169 daAuts
     D:5: 1052 daAuts
     D:4: 990 daAuts
     D:6: 925 daAuts
     D:3: 768 daAuts
  Temple: 73 daAuts
     D:9: 54 daAuts
